 Dungeon Crawl Stone Soup version 0.29.1-15-g9cfb28693d (webtiles) character file.

Game seed: 4865201603010312430

238 growler the Conjurer (level 5, -5/28 HPs)
             Began as a Deep Elf Conjurer on Mar 12, 2023.
             Was an Initiate of Vehumet.
             Slain by an iguana (11 damage)
             ... on level 4 of the Dungeon.
             The game lasted 00:13:17 (3665 turns).

growler the Conjurer (Deep Elf Conjurer)            Turns: 3665, Time: 00:13:18

Health: -5/28      AC:  4    Str:  4    XL:     5   Next: 78%
Magic:  3/15       EV: 12    Int: 25    God:    Vehumet [......]
Gold:   177        SH:  0    Dex: 13    Spells: 2/16 levels left

rFire   . . .      SeeInvis .   (no weapon)
rCold   . . .      Faith    .   (no shield)
rNeg    . . .      Spirit   .   a - +0 robe
rPois   .          Reflect  .   l - +0 helmet
rElec   .          Harm     .   (no cloak)
rCorr   .          Rampage  .   e - +0 pair of gloves
Will    .....                   (no boots)
Stlth   ++........              (no amulet)
HPRegen 0.09/turn               (no ring)
MPRegen 0.14/turn               (no ring)

@: very slightly contaminated
A: no striking features
a: Renounce Religion


You were on level 4 of the Dungeon.
You worshipped Vehumet.
Vehumet was noncommittal.
You visited 2 branches of the dungeon, and saw 5 of its levels.

You collected 177 gold pieces.

Inventory:

Armour
 a - a +0 robe (worn)
 e - a +0 pair of gloves (worn)
 l - a +0 helmet (worn)
 q - a +0 kite shield
Jewellery
 r - a ring of fire
Scrolls
 c - 4 scrolls of identify
 d - a scroll of amnesia {unknown}
 f - a scroll of teleportation
 h - a scroll of blinking {unknown}
 i - 2 scrolls of poison
 m - 2 scrolls of summoning
 n - a scroll of enchant armour {unknown}
 o - a scroll of noise
 s - a scroll of immolation {unknown}
Potions
 b - 2 potions of magic
 g - 2 potions of curing
 j - a potion of cancellation
 k - a potion of might
 p - a potion of degeneration


   Skills:
 - Level 2.4 Dodging
 - Level 2.4 Stealth
 + Level 6.1 Spellcasting
 + Level 6.3 Conjurations


You had 2 spell levels left.
You knew the following spells:

 Your Spells              Type           Power      Damage    Failure   Level
a - Magic Dart            Conj           100%       1d8       1%          1
b - Searing Ray           Conj           78%        2d7       1%          2
c - Dazzling Flash        Conj/Hex       46%        N/A       6%          3
d - Fulminant Prism       Conj/Hex       11%        3d9       21%         4
e - Iskenderun's Mystic   Conj/Tloc      23%        2d6       21%         4

Your spell library contained the following spells:

 Spells                   Type           Power      Damage    Failure   Level
 Freeze                   Ice            28%        1d5       8%          1
 Hailstorm                Conj/Ice       23%        3d7       21%         4
 Frozen Ramparts          Ice            14%        1d3       22%         3
 Inner Flame              Hex/Fire       7%         N/A       22%         3
 Tukima's Dance           Hex            7%         N/A       22%         3
 Cause Fear               Hex            3%         N/A       58%         4
 Passage of Golubria      Tloc           7%         N/A       58%         4
 Yara's Violent Unravell  Hex/Tmut       3%         3d4       90%         5
 Discord                  Hex            3%         N/A       100%        8


Dungeon Overview and Level Annotations

Branches:
Dungeon (4/15)             Temple (1/1) D:4

Altars:
Cheibriados
Dithmenos
Elyvilon
Qazlal
Uskayaw
Vehumet
Wu Jian
Xom
Zin
The Shining One


Message History

Your Spellcasting skill increases to level 6!
You feel very sick.
You feel sick.
The iguana hisses angrily.
You feel sick.
You feel sick.
You feel sick.
You feel sick.
You feel sick.
You feel sick.
You are no longer poisoned.
A hobgoblin comes into view. It is wielding a +0 long sword.
The iguana hisses menacingly.
Found a rapier.
The iguana hisses menacingly.
Found 19 gold pieces.
Casting: Searing Ray (safe; 1% risk of failure)
Confirm with . or Enter, or press ? or * to list all spells.
Aiming: Searing Ray (safe; 1% risk of failure)
Press: ? - help, Shift-Dir - straight line, f - iguana
Aim: an iguana (83% to hit)
The searing ray hits the iguana!
The iguana is heavily wounded. (Press . to maintain the ray.)
The searing ray hits the iguana.
The iguana is heavily wounded.
The searing ray misses the iguana.
The iguana barely misses you.
The searing ray hits the iguana.
The iguana is severely wounded.
You finish channelling your searing ray.
The iguana bites you!
* * * LOW HITPOINT WARNING * * *
Unknown command.
Casting: Searing Ray (safe; 1% risk of failure)
Confirm with . or Enter, or press ? or * to list all spells.
The spell is extremely dangerous to miscast (21% risk of failure)!
Continue anyway?
You miscast Iskenderun's Mystic Blast.
You are very lightly contaminated with residual magic.
Nothing appears to happen.
The iguana bites you!
You die...

$.... ....[.
....#####...........$..
#.....................
#....#...#..#.........
#.....)..#.......)....
###....#.#.#.#.#.......
...........#........#
...........#...#....#
.....##........l@...#
.....##......#####..#
........#...........#
........#.......... #
..........####.....
##.#.....## #....
...#...### ....
.#.....# ... .#.....#
..


You could see an iguana.

Vanquished Creatures
  A scorpion (D:4)
  An orc wizard (D:3)
  Robin (D:2)
  2 adders
  2 ufetubi (D:4)
  3 worms
  6 dart slugs
  3 orcs (D:3)
  7 ball pythons
  4 bats
  5 endoplasms
  A giant cockroach (D:2)
  15 goblins
  5 hobgoblins
  9 jackals
  7 kobolds
  5 quokkas
  A frilled lizard (D:3)
  6 rats
84 creatures vanquished.

Notes
Turn   | Place    | Note
-------+----------+-------------------------------------------
     0 | D:1      | growler the Deep Elf Conjurer began the quest for the Orb.
     0 | D:1      | Reached XP level 1. HP: 10/10 MP: 6/6
   463 | D:1      | Reached XP level 2. HP: 15/15 MP: 4/8
   466 | D:1      | Learned a level 2 spell: Searing Ray
  1064 | D:1      | Reached XP level 3. HP: 19/19 MP: 5/10
  1106 | D:1      | Reached skill level 5 in Conjurations
  1597 | D:2      | Noticed Robin
  2023 | D:2      | Reached XP level 4. HP: 24/24 MP: 8/12
  2027 | D:2      | Learned a level 3 spell: Dazzling Flash
  2032 | D:2      | Learned a level 4 spell: Fulminant Prism
  2156 | D:2      | Killed Robin
  2157 | D:2      | Reached skill level 5 in Spellcasting
  2703 | D:3      | Found a faded altar of an unknown god.
  2787 | D:3      | Found a white marble altar of Elyvilon.
  2920 | D:3      | Reached XP level 5. HP: 28/28 MP: 5/15
  3516 | D:4      | Found a staircase to the Ecumenical Temple.
  3521 | Temple   | Entered the Ecumenical Temple
  3577 | Temple   | Became a worshipper of Vehumet
  3600 | D:4      | Learned a level 4 spell: Iskenderun's Mystic Blast
  3665 | D:4      | Slain by an iguana

Illustrated notes

Levels and vault maps discovered:
D:1:      psy_arrival_dodecagon, layout_loops_corners
D:2:      layout_loops_ring, uniq_robin
D:3:      layout_rooms, mainiacjoe_overflow_alcove_1,
          hellmonk_ecumenical_altar_crossroads
D:4:      layout_basic, lemuel_tele_altar, minmay_temple_entry_ruins,
          hangedman_decor_lopped, minmay_mini_ossuary
Temple:   eino_wide_crystal_templ

Skill      XL: |  1  2  3  4  5 |
---------------+----------------+-----
Spellcasting   | 4 5 6 |  6.1
Conjurations   | 5 6 |  6.3
Dodging        | |  2.4
Stealth        | |  2.4

Action                   |  1- 3 |  4- 6 || total
-------------------------+-------+-------++-------
 Cast: Magic Dart        |    77 |    76 ||   153
       Searing Ray       |     3 |     2 ||     5
  Use: Scroll            |       |     8 ||     8
Armor: Robe              |     1 |     1 ||     2
Dodge: Dodged            |     6 |     2 ||     8
